 Dungeon Crawl Stone Soup version 0.17-a0-2073-gde5cdba (webtiles) character file.

65 jalm the Sneak (level 3, -3/16 HPs)
             Began as a Spriggan Enchanter on Oct 15, 2015.
             Slain by a gnoll
             ... wielding a +0 spear
              (7 damage)
             ... on level 2 of the Dungeon.
             The game lasted 00:07:36 (1695 turns).

jalm the Sneak (Spriggan Enchanter)                 Turns: 1695, Time: 00:07:36

Health: -3/16      AC:  3    Str:  4    XL:     3   Next: 92%
Magic:  8/8        EV: 18    Int: 17    God:
Gold:   52         SH:  0    Dex: 16    Spells: 2 memorised, 4 levels left

rFire  . . .     SeeInvis +     a - +1 dagger
rCold  . . .     Clarity  .     b - +1 robe
rNeg   . . .     SustAt   .     (shield restricted)
rPois  .         Gourm    .     (helmet restricted)
rElec  .         Spirit   .     (no cloak)
rCorr  .         Warding  .     (gloves unavailable)
rMut   .         Stasis   .     (boots unavailable)
MR     .....                    (no amulet)
Stlth  ++++......               (no ring)
                                (no ring)

@: very quick, not resistant to hostile enchantments, stealthy
A: unfitting armour, see invisible, herbivore 3, speed 3, slow metabolism 2
a: no special abilities


You were on level 2 of the Dungeon.
You were not hungry.

You visited 1 branch of the dungeon, and saw 2 of its levels.

You collected 52 gold pieces.

Inventory:

Hand Weapons
 a - a +1 dagger (weapon)
Armour
 b - a +1 robe (worn)
Scrolls
 e - 2 scrolls of remove curse {unknown}
 f - a scroll of recharging {unknown}
 g - a scroll of enchant weapon {unknown}
 h - a scroll of magic mapping {unknown}
 k - a scroll of fog {unknown}
 l - a scroll of fear {unknown}
Potions
 i - a potion of brilliance {unknown}
 j - a potion of poison {unknown}
Books
 c - a book of Maledictions

   Spells                             Type                      Level
   a - Corona                         Hexes                        1
   b - Ensorcelled Hibernation        Hexes/Ice                    2
   c - Confuse                        Hexes                        3
   d - Tukima's Dance                 Hexes                        3
   e - Dazzling Spray                 Conjuration/Hexes            3
Comestibles
 d - 3 bread rations


   Skills:
 + Level 2.2 Short Blades
 - Level 3.0 Dodging
 + Level 6.2 Stealth
 - Level 2.6 Spellcasting
 + Level 4.1 Hexes


You had 4 spell levels left.
You knew the following spells:

 Your Spells              Type           Power        Failure   Level  Hunger
a - Corona                Hex            ###....      3%          1    #......
b - Ensorcelled Hibernat  Hex/Ice        #.....       14%         2    ##.....


Dungeon Overview and Level Annotations

Branches:
Dungeon (2/15)

Altars:
Cheibriados


Innate Abilities, Weirdness & Mutations

You are tiny and cannot use many weapons and most armour.
You have supernaturally acute eyesight.
You are a herbivore.
You cover ground extremely quickly.
You need consume almost no food.


Message History

You miss the kobold.
The kobold is almost dead.
You completely miss the kobold.
The kobold is almost dead.
The kobold misses you.
The gnoll hits you from afar with a spear.
The kobold closely misses you.
You hit the kobold but do no damage.
The kobold is almost dead.
The gnoll completely misses you. The kobold completely misses you.
You miss the kobold.
The kobold is almost dead.
The gnoll closely misses you. The kobold hits you.
* * * LOW HITPOINT WARNING * * *
The giant cockroach bites you but does no damage.
You miss the kobold.
The kobold is almost dead.
The giant cockroach completely misses you.
The gnoll hits you with a spear!
You die...

#.###############.#.....
#.....##..........####''
#.....##.#######.##.....
#.....##'### ###......
#..........# ##.......
#..........# ##.s......
#..........# ##.........
##....sKg..# #.K........
####..@...###..........
#........#.......8..
#......#.'.......(##
#......#.'.......(#
########.#.......8..
#.#..........
#.#.........
#.##........ #.. #......


You could see a gnoll, a giant cockroach and a kobold.

Vanquished Creatures
  3 oozes (D:1)
  2 worms (D:2)
  6 bats (D:1)
  A giant cockroach (D:2)
  7 goblins
  6 hobgoblins
  6 jackals (D:1)
  4 kobolds
  A quokka (D:2)
  A giant gecko (D:1)
  3 giant newts
  A rat (D:2)
41 creatures vanquished.

Notes
Turn   | Place    | Note
--------------------------------------------------------------
     0 | D:1      | jalm the Spriggan Enchanter began the quest for the Orb.
     0 | D:1      | Reached XP level 1. HP: 9/9 MP: 5/5
   158 | D:1      | Reached skill level 5 in Stealth
   158 | D:1      | Reached XP level 2. HP: 2/13 MP: 4/6
   366 | D:1      | Learned a level 2 spell: Ensorcelled Hibernation
   771 | D:1      | Reached XP level 3. HP: 11/16 MP: 0/8
   884 | D:1      | Reached skill level 6 in Stealth
   925 | D:1      | Found a snail-covered altar of Cheibriados.
  1695 | D:2      | Slain by a gnoll

Vault maps used:
D:1:      minmay_arrival_hallway, cheibriados_altar_1
D:2:      kennysheep_big_flooded_room, grunt_ministairs_2,
          kennysheep_generic_room_11

Action                   || total
-------------------------++-------
Melee: Dagger            ||   154
 Cast: Corona            ||     1
       Ensorcelled Hiber ||    13
 Stab: Sleeping          ||    17
